 Dungeon Crawl Stone Soup version 0.28-a0-1387-g3a22ab9bdc (webtiles) character file.

Game seed: 9446063697866011389

11 Sabo the Magician (level 2, 22/22 HPs)
             Began as a Djinni Hedge Wizard on Jan 3, 2022.
             Was a Follower of Trog.
             Got out of the dungeon alive.
             The game lasted 00:09:53 (1761 turns).

Sabo the Magician (Djinni Hedge Wizard)             Turns: 1761, Time: 00:09:54

Health: 22/22      AC:  2    Str:  9    XL:     2   Next: 40%
Gold:   13         EV: 12    Int: 15    God:    Trog [*.....] SH:  0 Dex: 12

rFire   + + .      SeeInvis .   i - +0 whip
rCold   x . .      Faith    .   (no shield)
rNeg    . . .      Spirit   .   b - +0 robe
rPois   ∞          Reflect  .   c - +0 hat
rElec   .          Harm     .   (no cloak)
rCorr   .          Rampage  .   (no gloves)
Will    .....                   (boots unavailable)
Stlth   ++........              (no amulet)
HPRegen 0.07/turn               (no ring)
MPRegen 0.00/turn               (no ring)

@: flying
A: sickness immunity, fire resistance 2, cold vulnerability 1, float, innate
caster, hp casting, extra vitality 1
a: Renounce Religion, Berserk


You escaped.
You worshipped Trog.
Trog was aware of your devotion.
You visited 1 branch of the dungeon, and saw 2 of its levels.

You collected 13 gold pieces.

Inventory:

Hand Weapons
 i - a +0 whip (weapon)
 j - a +0 hunting sling
Missiles
 a - 12 arrows
 d - 22 sling bullets
 h - 2 boomerangs (quivered)
 k - 15 stones
Armour
 b - a +0 robe (worn)
 c - a +0 hat (worn)
Scrolls
 e - a scroll of teleportation
 g - a scroll of identify {unknown}
Potions
 f - a potion of invisibility {unknown}


   Skills:
 + Level 0.4 Fighting
 + Level 0.3 Maces & Flails
 + Level 2.2 Dodging
 + Level 1.8 Stealth
 - Level 2.6 Spellcasting


You couldn't memorise any spells.
You knew the following spells:

 Your Spells              Type           Power      Damage    Failure   Level
a - Magic Dart            Conj           36%        1d4       7%          1
b - Blink                 Tloc           18%        N/A       11%         2
c - Call Imp              Summ           9%         N/A       11%         2
d - Slow                  Hex            36%        N/A       7%          1
e - Conjure Flame         Conj/Fire      9%         6-21      22%         3
f - Mephitic Cloud        Conj/Pois/Air  9%         N/A       22%         3
Your spell library was empty.

Dungeon Overview and Level Annotations

Branches:
Dungeon (2/15)

Altars:
Trog

Shops:
D:1 (


Innate Abilities, Weirdness & Mutations

You are immune to sickness and miasma.
You are immune to poison.
Your flesh is very heat resistant. (rF++)
You are vulnerable to cold. (rC-)
You float through the air rather than walking.
You learn spells naturally, not from books.
Your magical power is your life essence.
You have superior vitality. (+4 MHP)


Message History

There is an entrance to Sycirid's Weapon Shoppe here.
You see here a +0 robe.
There is a stone staircase leading down here.
You fly downwards.
There is a stone staircase leading up here.
Casting: Magic Dart (safe; 7% risk of failure)
Confirm with . or Enter, or press ? or * to list all spells.
Casting this spell will place you under penance.
Really cast?
Okay, then.
Casting: Magic Dart (safe; 7% risk of failure)
Confirm with . or Enter, or press ? or * to list all spells.
You don't know that spell.
Casting: Magic Dart (safe; 7% risk of failure)
Confirm with . or Enter, or press ? or * to list all spells.
Casting this spell will place you under penance.
Really cast? [Y]es or [N]o only, please.
Casting this spell will place you under penance.
Really cast?
Okay, then.
Throw: 2 boomerangs
Press: ? - help, Q - select action Shift-Dir - straight line, f - goblin
Aim: a goblin, wielding a +0 club and quivering stones (asleep, 98% to hit)
You throw a boomerang. The boomerang hits the goblin.
You kill the goblin!
Trog accepts your kill.
Things that are here:
a +0 club; a +0 hunting sling; 15 stones
j - a +0 hunting sling;
k - 15 stones
Found an escape hatch in the ceiling.
You reach down and open the door.
There is an open door here.
There is a stone staircase leading up here.
There is a stone staircase leading up here.
You can't go down here!
You fly upwards.
There is a stone staircase leading down here.
You see here a +0 robe.
There is an open door here.
There is a staircase leading out of the dungeon here.
Are you sure you want to leave the Dungeon?
This will make you lose the game!
You have escaped!

##### ######.@.######
###.............###
###.................###
#.'.................'.#
#.#............(....#.#
##.###.............###.#
#..# ###.........### #.#
#.## ###.....### #.##
##.# ###.........###
#..#


There were no monsters in sight!

Vanquished Creatures
  A ball python (D:1)
  An endoplasm (D:1)
  2 giant cockroaches (D:1)
  3 goblins
  2 bats (D:1)
  A kobold (D:1)
  A rat (D:1)
11 creatures vanquished.

Notes
Turn   | Place    | Note
-------+----------+-------------------------------------------
     0 | D:1      | Sabo the Djinni Hedge Wizard began the quest for the Orb.
     0 | D:1      | Reached XP level 1. HP: 15/15 MP: 0/0
    69 | D:1      | Found Sycirid's Weapon Shoppe.
   596 | D:1      | Reached XP level 2. HP: 11/22 MP: 0/0
  1438 | D:1      | Found a faded altar of an unknown god.
  1441 | D:1      | Prayed at the altar of an unknown god.
  1441 | D:1      | Became a worshipper of Trog the Wrathful
  1441 | D:1      | Reached * piety under Trog
  1761 | D:$      | Got out of the dungeon alive.

Illustrated notes

Levels and vault maps discovered:
D:1:      nzn_arrival_depleted_hourglass, layout_rooms,
          hellmonk_ecumenical_altar_inner_sanctum, serial_shops,
          nicolae_shop_bloodbath_and_beyond
D:2:      layout_basic

Action                   || total
-------------------------++-------
Melee: Dagger            ||    28
       Whip              ||    15
Throw: Boomerang         ||     4
 Cast: Magic Dart        ||    13
  Use: Scroll            ||     1
Armor: Robe              ||     8
Dodge: Dodged            ||    35

Table legend: (Time is in decaauts)
 A = Elapsed time spent in this place.
 B = Non-inter-level travel time spent in this place.
 C = Inter-level travel time spent in this place.
 D = Time resting spent in this place.
 E = Time spent auto-exploring this place.
 F = Levels seen in this place.
 G = Mean time per level.
                   A        B        C        D        E       F      G
               +--------+--------+--------+--------+--------+-----+--------+
         Total |   1763 |   1763 |      0 |    786 |      0 |   2 |  881.5 |
       Dungeon |   1763 |   1763 |      0 |    786 |      0 |   2 |  881.5 |
               +--------+--------+--------+--------+--------+-----+--------+

Top non-repeatable levels by time:
     D:1: 1726 daAuts
     D:2: 37 daAuts
